Thistle, neutral female sylph Wizard -------- --- ...... .| -.....- -.| ---------- |.....| |.| |.<......| |.....+ |.| ##-........| |.....| |.| # |........| -+--.....----+---+---.-###### -----.---- | -+----+--.....................| |.............{......{..........| | -+----+--... -+----...........| ---- |....|.-----|---.| |[%..|.| |....|.| |.._.|.+ |..(.|.| |....|.| |....|.| ------.- ------.| . .| --- --- Thistle the Thaumaturge Experience level: 6 Strength: 9 Dexterity: 8 Constitution: 12 Intelligence: 19 Wisdom: 19 Charisma: 8 Health: 0(40) Energy: 95(95) Def: 1 Gold: 855 Moves: 2481 Dungeon seed: o63mgpJQgwQ2UF0c Game ID: Thistle_1487871293 Your Inventory: Coins $ - 855 gold pieces Weapons a - a blessed +1 quarterstaff (alternate weapon; not wielded) F - 8 +0 daggers Armor e - an uncursed +0 cloak of magic resistance (being worn) N - an uncursed +0 mummy wrapping Comestibles l - an uncursed pancake s - 2 uncursed food rations w - an uncursed tripe ration P - an uncursed partly eaten food ration Scrolls j - a cursed scroll of enchant weapon v - a blessed scroll of fire U - an uncursed scroll of consecration Spellbooks c - an uncursed spellbook of light D - an uncursed spellbook of create monster L - an uncursed spellbook of sleep V - an uncursed spellbook of magic missile Potions f - an uncursed potion of gain energy g - an uncursed potion of healing z - a cursed potion of blindness I - an uncursed potion of blindness R - an uncursed potion of invisibility Wands d - a wand of nothing (0:6) p - a wand of enlightenment (0:8) E - a wand of enlightenment (0:15) Q - a wand of make invisible (0:4) Tools o - an uncursed skeleton key q - an uncursed stethoscope x - an uncursed tin whistle A - an uncursed skeleton key H - a cursed partly used wax candle (lit) (0:350) J - an uncursed sack M - an uncursed skeleton key O - an uncursed partly used tallow candle (lit) (0:150) Gems n - 2 uncursed worthless pieces of yellowish brown glass r - an uncursed worthless piece of orange glass y - an uncursed worthless piece of green glass G - 4 uncursed worthless pieces of violet glass S - an uncursed aquamarine Y - an uncursed worthless piece of red glass Spells and supernatural/magical abilities: Name Level Category Fail Memory a - force bolt 1 attack 0% 88% l - light 1 divination 0% 88% m - magic missile 2 attack 0% 100% p - protection 1 clerical 0% 100% z - sleep 2 enchantment 0% 100% O - create monster 2 clerical 37% 96% W - pray for help -- divine ? -- Your skills at the end: Miscellaneous Skills wands [Basic] Weapon Skills quarterstaff [Basic] Spellcasting Skills attack spells [Basic] enchantment spells [Basic] Final Attributes: You were devoutly aligned. You were magic-protected. You were blinded. You saw invisible. You had infravision. You were somewhat stealthy. You were protected from shape changers. You were unlucky. Thoth was angry with you. You are dead. Vanquished creatures: a dwarf king an orc-captain 8 bugbears a gnome lord a kobold mummy 6 dwarves an iguana a jitterbug a coyote a gas spore a hobbit 3 large kobolds 7 hobgoblins a yellow mold 5 gnomes 5 jackals 3 kobolds 4 newts 3 goblins 3 sewer rats 5 grid bugs 3 lichens 2 kobold zombies 67 creatures vanquished. Voluntary challenges: You were vegetarian. You did not cause conflict. You were not invisible. You did not have reflection. You were not displaced. You used a wielded weapon 43 times, starting on turn 130. You did not apply a unicorn horn. You did not use plumbed fixtures. You did not drink any magical draughts. You read items or engraved 10 times, starting on turn 1541. You never genocided any monsters. You never polymorphed an object. You never changed form. You used no wishes. You never split a pudding. You never wrote Elbereth's name. You never violated your personal moral code. Dungeon overview: The Dungeons of Doom: levels 1 to 6 Level 1 a long staircase Level 2 a sink Level 3 an altar to Ptah, some fountains Level 4 stairs to The Gnomish Mines Level 5 a throne Level 6 The Gnomish Mines: levels 5 to 8 Level 5 stairs to The Dungeons of Doom Level 6 Level 7 Level 8 <- You were here a temple to Ptah, a magic chest, some fountains History has recorded: On T:1 you entered the Dungeons of Doom to retrieve the Amulet of Yendor! On T:336 you reached level 2 of The Dungeons of Doom. On T:361 you reached level 3 of The Dungeons of Doom. On T:395 you advanced to experience level 2. On T:745 you advanced to experience level 3. On T:756 you prayed to Thoth. On T:1008 you reached level 4 of The Dungeons of Doom. On T:1090 you reached level 5 of The Dungeons of Doom. On T:1356 you advanced to experience level 4. On T:1366 you reached level 6 of The Dungeons of Doom. On T:1432 you advanced to experience level 5. On T:1533 you prayed to Thoth. On T:1796 you advanced to experience level 6. On T:1858 you reached level 1 of The Gnomish Mines. On T:2137 you reached level 2 of The Gnomish Mines. On T:2275 you prayed to Thoth. On T:2306 you reached level 3 of The Gnomish Mines. On T:2359 you reached level 4 of The Gnomish Mines. On T:2405 you opened a magic chest. On T:2434 you entered the Minetown temple Score breakdown: Gold: 855 ( 85 points) Experience: 6 levels ( 500 points) Exploration: 8 levels ( 210 points) Discoveries: 23 items ( 1150 points) Variety of kills: 23 monsters ( 1150 points) Major goal: reached Minetown ( 500 points) Survival: died (score multiplied by 3) Total score: 10785 Latest messages: You have a little trouble lifting q - an uncursed stethoscope. You have a little trouble lifting x - an uncursed tin whistle. You have a little trouble lifting S - an uncursed blue gem. You have a little trouble lifting y - an uncursed green gem. You have a little trouble lifting r - an uncursed orange gem. You have a little trouble lifting Y - an uncursed red gem. You have a little trouble lifting G - 4 uncursed violet gems. Your movements are slowed slightly because of your load. As you read the scroll, it disappears. The scroll erupts in a tower of flame! The priest of Ptah gets angry! Ptah roars in anger: "Thou shalt suffer!" The bolt of lightning hits you! Your shiny ring turns to dust and vanishes! You are blinded by the flash! Your spellbook of force bolt catches fire and burns! Your spellbook of protection catches fire and burns! Something summons insects! You die... The sack is empty. The sack is empty. Final status: Goodbye Thistle the Wizard, killed by a priest of Ptah... You died in The Gnomish Mines on dungeon level 8 with 10785 points, and 855 pieces of gold, after 2481 moves. You were level 6 with a maximum of 40 hit points when you died.